 Dungeon Crawl Stone Soup version 0.22-a0-776-ge6d7efa (webtiles) character file.

49 Amnesiac the Digger (level 3, 0/24 HPs)
             Began as a Demonspawn Earth Elementalist on July 18, 2018.
             Succumbed to an adder's poison
             ... on level 2 of the Dungeon.
             The game lasted 00:01:38 (230 turns).

Amnesiac the Digger (Demonspawn Earth Elementalist)  Turns: 230, Time: 00:01:39

Health: 0/24       AC:  8    Str:  8    XL:     3   Next: 51%
Magic:  2/6        EV: 12    Int: 17    God:
Gold:   34         SH:  0    Dex: 13    Spells: 4/7 levels left

rFire    . . .     SeeInvis .   (no weapon)
rCold    . . .     Gourm    .   (no shield)
rNeg     . . .     Faith    .   c - +0 robe
rPois    .         Spirit   .   (no helmet)
rElec    .         Reflect  .   (no cloak)
rCorr    .         Harm     .   (no gloves)
MR       +....                  (no boots)
Stlth    ++........             (no amulet)
HPRegen  0.08/turn              a - ring of protection from magic
MPRegen  0.10/turn              (no ring)

@: lethally poisoned (0 -> -6), sanguine armour
A: demonic guardian 1, sanguine armour 1
a: no special abilities


You were on level 2 of the Dungeon.
You were not hungry.

You visited 1 branch of the dungeon, and saw 3 of its levels.

You collected 34 gold pieces.

Inventory:

Hand Weapons
 e - a +0 spear of flaming
Missiles
 b - 19 stones (quivered)
Armour
 c - a +0 robe (worn)
Jewellery
 a - a ring of protection from magic (left hand)
Comestibles
 d - a ration


   Skills:
 - Level 1.7 Dodging
 - Level 1.7 Stealth
 + Level 2.6 Spellcasting
 - Level 1.0 Transmutations
 * Level 3.7 Earth Magic


You had 4 spell levels left.
You knew the following spells:

 Your Spells              Type           Power        Failure   Level  Hunger
a - Sandblast             Erth           ##....       4%          1    #......
b - Passwall              Tmut/Erth      ##......     11%         2    ##.....

Your spell library contained the following spells:

 Spells                   Type           Power        Failure   Level  Hunger
 Stone Arrow              Conj/Erth      #.....       26%         3    ###....
 Lee's Rapid Deconstruct  Erth           ##........   73%         5    ######.
 Petrify                  Tmut/Erth      ##......     56%         4    #####..


Dungeon Overview and Level Annotations

Branches:
Dungeon (3/15)

Altars:
Qazlal


Innate Abilities, Weirdness & Mutations

A weak demonic guardian rushes to your aid.
When seriously injured, your bleeding wounds create armour. (AC +6)


Message History

Press: ? - help, Shift-Dir - straight line, f - adder
Aim: an adder The blast of sand hits the jackal.
The jackal is moderately wounded.
b - 23 stones The jackal bites you but does no damage.
The giant cockroach closely misses you. The jackal closely misses you.
The quokka bites you but does no damage.
Unknown command.
The giant cockroach bites you but does no damage.
Your iron imp disappears in a puff of smoke!
The jackal closely misses you. The quokka completely misses you.
You swap places.
The jackal bites your white imp.
The goblin hits your white imp but does no damage.
The quokka closely misses your white imp.
The jackal bites your white imp.
The goblin barely misses your white imp.
The quokka misses your white imp. The jackal bites your white imp.
Your white imp gestures at the jackal.
The puff of frost hits the jackal.
The jackal dies!
Casting: Sandblast (safe; 4% risk of failure)
Confirm with . or Enter, or press ? or * to list all spells.
Aiming: Sandblast (safe; 4% risk of failure)
Press: ? - help, Shift-Dir - straight line, f - goblin
Aim: a goblin, wielding a club The blast of sand hits the goblin.
You kill the goblin!
b - 22 stones The quokka bites your white imp.
Your white imp dies!
Unknown command.
Casting: Sandblast (safe; 4% risk of failure)
Confirm with . or Enter, or press ? or * to list all spells.
Aiming: Sandblast (safe; 4% risk of failure)
Press: ? - help, Shift-Dir - straight line, f - giant cockroach
Aim: a giant cockroach The blast of sand hits the giant cockroach.
b - 21 stones The giant cockroach bites you but does no damage.
The kobold hits you but does no damage.
Casting: Sandblast (safe; 4% risk of failure)
Confirm with . or Enter, or press ? or * to list all spells.
Aiming: Sandblast (safe; 4% risk of failure)
Press: ? - help, Shift-Dir - straight line, f - adder, p - giant cockroach
Aim: an adder The blast of sand hits the adder.
The adder is almost dead.
b - 20 stones The giant cockroach barely misses you.
The kobold hits you but does no damage. The quokka closely misses you.
The adder bites you.
* * * LOW HITPOINT WARNING * * *
You are lethally poisoned!
The adder poisons you! The giant cockroach closely misses you.
Unknown command.
Casting: Sandblast (safe; 4% risk of failure)
Confirm with . or Enter, or press ? or * to list all spells.
Aiming: Sandblast (safe; 4% risk of failure)
Press: ? - help, Shift-Dir - straight line, f/p - adder
Aim: an adder (almost dead)
The blast of sand hits the adder.
You kill the adder!
b - 19 stones You die...

...##........#
...##........##
###...#######>....
#.....##..........
#..............(..
#.................
#.............(.(.
#†s...............
#@K..)............
#.r...............
#####.............
#.............
#.............
#.............
#.............
#.............
..............


You could see a quokka, a giant cockroach and a kobold.

Vanquished Creatures
  A jelly (D:3)
  An adder (D:2)
  A goblin (D:2)
  A hobgoblin (D:3)
  A kobold (D:3)
5 creatures vanquished.

Vanquished Creatures (collateral kills)
  A hobgoblin (D:2)
  7 jackals (D:2)
  A bat (D:2)
  A rat (D:2)
10 creatures vanquished.

Grand Total: 15 creatures vanquished

Notes
Turn   | Place    | Note
-------+----------+-------------------------------------------
     0 | D:1      | Amnesiac the Demonspawn Earth Elementalist began the quest for the Orb.
     0 | D:1      | Reached XP level 1. HP: 13/13 MP: 3/3
    49 | D:2      | Noticed a jelly
    55 | D:3      | Noticed a fire elemental
    62 | D:3      | Killed a jelly
    62 | D:3      | Reached skill level 3 in Earth Magic
    62 | D:3      | Gained mutation: When seriously injured, your bleeding wounds create armour. (AC +6) [demonic ancestry]
    62 | D:3      | Reached XP level 2. HP: 9/19 MP: 0/5
    62 | D:3      | Gained mutation: A weak demonic guardian rushes to your aid. [demonic ancestry]
    62 | D:3      | Reached XP level 3. HP: 11/24 MP: 0/6
    66 | D:3      | Learned a level 2 spell: Passwall
   138 | D:3      | Found a stormy altar of Qazlal.
   193 | D:2      | Reached skill level 1 in Transmutations
   229 | D:2      | HP: 1/24 [adder (4)]
   230 | D:2      | Succumbed to an adder's poison

Vault maps used:
D:1:      saegor_arrival_under_anarchy, hangedman_decor_push
D:2:      good_gods_mini_temple
D:3:      first_ration, biasface_ghost_orc_armoury,
          nicolae_qazlal_style_of_elements

Skill      XL: |  1  2  3 |
---------------+----------+-----
Earth Magic    | 3 |  3.7
Transmutations | 1 |  1.0
Dodging        | |  1.7
Stealth        | |  1.7
Spellcasting   | |  2.6

Action                   || total
-------------------------++-------
Melee: Unarmed           ||     2
 Cast: Sandblast         ||    11
  Use: Scroll            ||     1
       Potion            ||     1
Armor: Robe              ||    37
Dodge: Dodged            ||    45

Table legend:
 A = Spawn XP
 B = Non-spawn XP
 C = Spawn XP percentage of total XP
 D = Spawn monster count
 E = Non-spawn monster count
 F = Spawn count percentage of total count
 G = Total turns spent on level
                    A         B        C        D         E        F      G
               +---------+---------+-------+---------+---------+-------+---------
         Total |       0 |      70 |   0.0 |       0 |      15 |   0.0 |   230
               +---------+---------+-------+---------+---------+-------+---------
           D:2 |       0 |      25 |   0.0 |       0 |      12 |   0.0 |    86
           D:3 |       0 |      45 |   0.0 |       0 |       3 |   0.0 |    95
               +---------+---------+-------+---------+---------+-------+---------
